 Dungeon Crawl Stone Soup version 0.31.0-9-g3a7656b989 (webtiles) character file.

Game seed: 10532912369858755874

871 ProzacElf the Spear-Bearer (level 7, -1/56 HPs)
             Began as a Minotaur Wanderer on Jan 24, 2024.
             Was a Believer of Qazlal.
             Slain by an iguana (11 damage)
             ... on level 5 of the Dungeon on Jan 25, 2024.
             The game lasted 00:07:53 (3923 turns).

ProzacElf the Spear-Bearer (Minotaur Wanderer)      Turns: 3923, Time: 00:07:53

Health: -1/56      AC: 14    Str: 18    XL:     7   Next: 73%
Magic:  9/9        EV:  5    Int:  7    God:    Qazlal [**....]
Gold:   172        SH:  2    Dex: 12    Spells: 6/6 levels left

rFire   . . .        b - +2 dagger (venom)
rCold   . . .        (no shield)
rNeg    . . .        y - +0 plate armour
rPois   .            (helmet restricted)
rElec   .            l - +0 cloak
rCorr   .            (no gloves)
SInv    +            j - +0 pair of boots
Will    +....        (no amulet) Stlth
                     (no ring)
HPRegen 0.29/turn    (no ring)
MPRegen 0.11/turn

%: no passive effects
@: no status effects
A: horns 2, retaliatory headbutt, see invisible, strong-willed 1, mutation
resistance 1
a: Renounce Religion, Upheaval


You were on level 5 of the Dungeon.
You worshipped Qazlal.
Qazlal was pleased with you.
You visited 1 branch of the dungeon, and saw 5 of its levels.

You collected 205 gold pieces.
You spent 33 gold pieces at shops.

Inventory:

Hand Weapons
 a - a +0 trident
 b - a +2 dagger of venom (weapon)
 h - a +1 dagger of holy wrath
 u - a +0 mace
 A - a +2 short sword of electrocution
Armour
 c - a +0 ring mail
 i - a +0 scale mail
 j - a +0 pair of boots (worn)
 l - a +0 cloak (worn)
 y - a +0 plate armour (worn)
Scrolls
 d - 2 scrolls of vulnerability
 e - 2 scrolls of blinking {unknown}
 f - a scroll of amnesia {unknown}
 g - 2 scrolls of brand weapon {unknown}
 k - 5 scrolls of identify {unknown}
 m - a scroll of immolation {unknown}
 n - 3 scrolls of teleportation {unknown}
 s - a scroll of poison {unknown}
 v - 3 scrolls of noise {unknown}
 z - a scroll of fog {unknown}
Potions
 o - 2 potions of mutation
 p - a potion of lignification {unknown}
 r - a potion of heal wounds {unknown}
 t - a potion of magic {unknown}
 w - a potion of invisibility {unknown}
 x - a potion of enlightenment {unknown}
 B - a potion of degeneration {unknown}


   Skills:
 - Level 2.4 Fighting
 - Level 2.4 Maces & Flails
 + Level 8.3 Polearms
 - Level 5.0 Armour
 + Level 5.0 Invocations


You had 6 spell levels left.
You didn't know any spells.
Your spell library contained the following spells:

 Spells                   Type           Power      Damage    Failure   Level
 Magic Dart               Conj           0%         1d3       100%        1
 Blink                    Tloc           0%         N/A       100%        2
 Call Imp                 Summ           0%         N/A       100%        2
 Cigotuvi's Dreadful Rot  Necr/Alch/Air  0%         N/A       100%        2
 Tukima's Dance           Hex            0%         N/A       100%        3
 Dimensional Bullseye     Hex/Tloc       0%         N/A       100%        4
 Ignite Poison            Fire/Alch      0%         N/A       100%        4
 Iskenderun's Mystic Bla  Conj/Tloc      0%         2d3       100%        4
 Freezing Cloud           Conj/Ice/Air   0%         6-21      100%        5


Dungeon Overview and Level Annotations

Branches:
Dungeon (5/15)
 Temple: D:4-7

Altars:
Qazlal

Shops:
D:2 *   D:3 =

Annotations:
D:3 3 runed translucent doors, yetimobile's ghost, amateur OpAl


Innate Abilities, Weirdness & Mutations

You have a pair of horns on your head.
You reflexively headbutt those who attack you in melee.
You have supernaturally acute eyesight. (SInv)
You are strong-willed. (Will+)
You are somewhat resistant to further mutation.


Message History

Ye barely miss tha adder.
Yer headbutt misses tha adder.
Yer punch misses tha adder.
Tha adder bites ye but does nay damage.
Ye barely miss tha adder.
Tha adder bites ye but does nay damage. x2
Ye closely miss tha adder.
Tha adder completely misses ye.
Ye furiously retaliate!
Ye headbutt tha adder.
Ye barely miss tha adder.
Yer headbutt misses tha adder.
Tha adder be heavily wounded.
Tha adder closely misses ye.
Ye closely miss tha adder.
Tha adder be heavily wounded.
Tha adder bites ye but does nay damage. x2
Ye closely miss tha adder.
Tha adder be heavily wounded.
Tha adder bites ye but does nay damage.
Ye hit tha adder but do nay damage.
Tha adder be heavily wounded.
Tha adder bites ye but does nay damage.
Ye miss tha adder.
Yer headbutt misses tha adder.
Tha adder be heavily wounded.
Tha adder barely misses ye.
Ye closely miss tha adder.
Tha adder be heavily wounded.
Tha adder bites ye but does nay damage. x2
Ye hit tha adder.
Lightnin' courses through tha adder!!
Ye kill tha adder!
Qazlal accepts yer kill.
Yer Invocations skill increases ta level 5!
Ye closely miss tha iguana.
Tha iguana bites ye.
* * * LOW HITPOINT WARNIN'
* * * Ye take 5 damage, an' haf 12/56 hp.
Yer +2 short sword o' electrocution stops cracklin'.
Yer +2 dagger o' venom begins ta drip wit' poison!
b - a +2 dagger o' venom (weapon)
Tha iguana bites ye.
* * * LOW HITPOINT WARNIN'
* * * Ye take 2 damage, an' haf 10/56 hp.
Ye hit tha iguana.
Tha iguana be poison'd.
Ye headbutt tha iguana.
Tha iguana be moderately wounded.
Tha iguana bites ye!
Ye die...

.............#.########.........#
......................+.........'
~~~~###'##~~~~.########...).....#
~##~.....~~##~.########[........#
##~~~~~~~~##~~.##~~~~[...........
###########~~~~~~~##~.#######....
######~##~~## #....
.#.#.#.###~~## #....
#...~.~l@'~## ##### .#.#.#.###~~#
## ##~~# #~# ~.. ...# ..# ..#


You could see an iguana (very poisoned).

Vanquished Creatures
  Sigmund (D:3)
  Duvessa (D:5)
  2 scorpions
  Dowan (D:5)
  A killer bee (D:5)
  2 hounds
  A jelly (D:5)
  An orc priest (D:4)
  A bombardier beetle (D:3)
  An iguana (D:5)
  2 orc wizards
  5 adders
  A gnoll (D:1)
  A white imp (D:5)
  3 dart slugs
  3 ribbon worms (D:2)
  6 orcs
  5 bats
  10 endoplasms
  5 giant cockroaches
  14 goblins
  8 hobgoblins
  4 jackals (D:4)
  9 kobolds
  4 quokkas
  5 ball pythons
  4 frilled lizards
  7 rats
108 creatures vanquished.

Notes
Turn   | Place    | Note
-------+----------+-------------------------------------------
     0 | D:1      | ProzacElf the Minotaur Wanderer began the quest for the
                  | Orb.
     0 | D:1      | ProzacElf set off with the following items: a +0 trident, a
                  | +0 mace, a +0 ring mail, a scroll of vulnerability.
     0 | D:1      | Reached XP level 1. HP: 18/18 MP: 0/0
    67 | D:1      | Reached skill level 4 in Polearms
    68 | D:1      | Reached XP level 2. HP: 20/25 MP: 1/1
   450 | D:1      | Reached XP level 3. HP: 30/30 MP: 2/2
   980 | D:2      | Found Vetemyl's General Store.
  1011 | D:2      | Reached skill level 5 in Polearms
  1011 | D:2      | Reached XP level 4. HP: 37/37 MP: 3/3
  1016 | D:2      | Bought a potion of curing for 33 gold pieces
  1576 | D:3      | Reached XP level 5. HP: 42/42 MP: 4/4
  1585 | D:3      | Reached skill level 5 in Armour
  1616 | D:3      | Found a faded altar of an unknown god.
  1660 | D:3      | Prayed at the altar of an unknown god.
  1660 | D:3      | Became a worshipper of Qazlal Stormbringer
  1660 | D:3      | Reached * piety under Qazlal
  1820 | D:3      | Found Iporeh's Jewellery Shoppe.
  1868 | D:3      | Found a runed translucent gate.
  1868 | D:3      | Found a runed translucent gate.
  1869 | D:3      | Found a runed translucent gate.
  1874 | D:3      | Noticed yetimobile's ghost (amateur OpAl)
  2152 | D:3      | Noticed Sigmund
  2158 | D:3      | Killed Sigmund
  2159 | D:3      | Reached skill level 6 in Polearms
  2159 | D:3      | Reached XP level 6. HP: 39/50 MP: 4/6
  2986 | D:5      | Entered Level 5 of the Dungeon
  3176 | D:5      | Noticed Duvessa
  3176 | D:5      | Noticed Dowan
  3180 | D:5      | Reached skill level 7 in Polearms
  3195 | D:5      | Gained mutation: You are somewhat resistant to further
                  | mutation. [potion of mutation]
  3195 | D:5      | Gained mutation: You have supernaturally acute eyesight.
                  | (SInv) [potion of mutation]
  3195 | D:5      | Gained mutation: You are strong-willed. (Will+) [potion of
                  | mutation]
  3197 | D:5      | Killed Duvessa
  3198 | D:5      | Reached XP level 7. HP: 14/56 MP: 8/8
  3200 | D:5      | Killed Dowan
  3200 | D:5      | Reached ** piety under Qazlal
  3639 | D:4      | Reached skill level 8 in Polearms
  3921 | D:5      | Reached skill level 5 in Invocations
  3923 | D:5      | Slain by an iguana

Illustrated notes

Levels and vault maps discovered:
D:1:      spicycebolla_green_bress_n_ham_2, layout_basic, minmay_tetromino_o4
D:2:      layout_rooms, serial_shops, shop
D:3:      layout_basic, shapermc_ecumenical_altar_petra, serial_shops,
          nicolae_shop_statue_plus, gammafunk_ghost_nasty_kobolds,
          serial_co_window_serial, co_window_corner_a,
          co_window_of_opportunity_a, co_window_corner_a, co_window_cross_1,
          co_window_of_opportunity_a, co_window_unsneaky_path_b,
          co_window_corner_ca, co_window_2corner, co_window_of_opportunity_b,
          co_window_of_opportunity_b, glass_columns_c, glass_columns_b,
          glass_columns_b, glass_columns_a, glass_columns_a, uniq_sigmund
D:4:      layout_basic, amcnicky_mini_rare_corridor_liquid,
          minmay_stone_trees_small, nrook_mini_vaults
D:5:      layout_basic, gammafunk_ghost_necromancy, minmay_manual_mullet,
          uniq_duvessa

Skill      XL: |  1  2  3  4  5  6  7 |
---------------+----------------------+-----
Polearms       | 4 5 6 7 8 |  8.3
Armour         | 3 4 5 |  5.0
Invocations    | 2 3 5 |  5.0
Fighting       | |  2.4
Maces & Flails | |  2.4

Action                     |  1- 3 |  4- 6 |  7- 9 || total
---------------------------+-------+-------+-------++-------
  Melee: Trident           |   116 |    14 |       ||   130
         Headbutt          |    10 |    15 |    11 ||    36
         Punch             |     2 |     1 |     2 ||     5
         Short sword       |       |   104 |    57 ||   161
         Dagger            |       |     9 |     7 ||    16
    Use: Potion            |       |     2 |     1 ||     3
 Armour: Ring mail         |    23 |       |       ||    23
         Scale mail        |    30 |    36 |       ||    66
         Plate armour      |       |    55 |    66 ||   121
  Dodge: Dodged            |    38 |    34 |    22 ||    94
  Block: Other             |       |     3 |     6 ||     9

Action                     |  1- 3 |  4- 6 |  7- 9 || total
---------------------------+-------+-------+-------++-------
  Melee: Trident           |   116 |    14 |       ||   130
         Headbutt          |    10 |    15 |    11 ||    36
         Punch             |     2 |     1 |     2 ||     5
         Short sword       |       |   104 |    57 ||   161
         Dagger            |       |     9 |     7 ||    16
    Use: Potion            |       |     2 |     1 ||     3
 Armour: Ring mail         |    23 |       |       ||    23
         Scale mail        |    30 |    36 |       ||    66
         Plate armour      |       |    55 |    66 ||   121
  Dodge: Dodged            |    38 |    34 |    22 ||    94
  Block: Other             |       |     3 |     6 ||     9

Levels and vault maps discovered:
D:1:      spicycebolla_green_bress_n_ham_2, layout_basic, minmay_tetromino_o4
D:2:      layout_rooms, serial_shops, shop
D:3:      layout_basic, shapermc_ecumenical_altar_petra, serial_shops,
          nicolae_shop_statue_plus, gammafunk_ghost_nasty_kobolds,
          serial_co_window_serial, co_window_corner_a,
          co_window_of_opportunity_a, co_window_corner_a, co_window_cross_1,
          co_window_of_opportunity_a, co_window_unsneaky_path_b,
          co_window_corner_ca, co_window_2corner, co_window_of_opportunity_b,
          co_window_of_opportunity_b, glass_columns_c, glass_columns_b,
          glass_columns_b, glass_columns_a, glass_columns_a, uniq_sigmund
D:4:      layout_basic, amcnicky_mini_rare_corridor_liquid,
          minmay_stone_trees_small, nrook_mini_vaults
D:5:      layout_basic, gammafunk_ghost_necromancy, minmay_manual_mullet,
          uniq_duvessa
